 Dungeon Crawl Stone Soup version 0.30-a0-857-gcaf7073 (webtiles) character file.

Game seed: 10904596829512183292

67 Illumine the Digger (level 4, -1/33 HPs)
             Began as a Meteoran Earth Elementalist on Mar 5, 2023.
             Slain by an adder (4 damage)
             ... on level 3 of the Dungeon.
             The game lasted 00:02:03 (436 turns).

Illumine the Digger (Meteoran Earth Elementalist)    Turns: 436, Time: 00:02:03

Health: -1/33      AC:  2    Str:  9    XL:     4   Next: 67%
Magic:  8/10       EV: 12    Int: 18    God:
Gold:   54         SH:  0    Dex: 15    Spells: 6/10 levels left

rFire   . . .      SeeInvis .    e - +0 mace
rCold   . . .      Faith    .    (no shield)
rNeg    . . .      Spirit   .    a - +0 robe
rPois   .          Reflect  .    (no helmet)
rElec   .          Rampage  .    (no cloak)
rCorr   .                        (no gloves)
Will    .....                    (no boots)
Stlth   +                        (no amulet)
HPRegen 0.25/turn                (no ring)
MPRegen 0.12/turn                (no ring)

@: brilliant, lethally poisoned (-1 -> -9), glowing
A: sense surroundings 1, otherworldly, glowing, explore regen
a: no special abilities


You were on level 3 of the Dungeon.
You visited 1 branch of the dungeon, and saw 4 of its levels.

You collected 54 gold pieces.

Inventory:

Hand Weapons
 e - a +0 mace (weapon)
Armour
 a - a +0 robe (worn)
Scrolls
 d - a scroll of poison {unknown}
 g - a scroll of fear {unknown}
 h - a scroll of silence {unknown}
 i - a scroll of enchant weapon {unknown}
 j - a scroll of immolation {unknown}
Potions
 b - a potion of magic
 c - a potion of attraction {unknown}


   Skills:
 - Level 2.4 Dodging
 - Level 1.4 Stealth
 + Level 3.8 Spellcasting
 * Level 2.2 Conjurations
 - Level 1.2 Transmutations
 + Level 4.5 Earth Magic


You had 6 spell levels left.
You knew the following spells:

 Your Spells              Type           Power      Damage    Failure   Level
a - Sandblast             Erth           58%        2d13      2%          1
b - Stone Arrow           Conj/Erth      46%        3d9       11%         3

Your spell library contained the following spells:

 Spells                   Type           Power      Damage    Failure   Level
 Passwall                 Tmut/Erth      16%        N/A       7%          2
 Petrify                  Tmut/Erth      20%        N/A       41%         4


Dungeon Overview and Level Annotations

Branches:
Dungeon (4/15) Zot: 1945
 Temple: D:4-7

Altars:

Annotations:
D:3 1 transporter, RazingBull's ghost, amateur MiFi


Innate Abilities, Weirdness & Mutations

You passively map a small area around you.
You are easily found by Zot.
You glow in the dark.
You regain HP and MP as you explore.


Message History

You climb downwards.
Magic restored.
You feel very sick.
The hobgoblin shouts!
Found a stone and a bubbling amethyst potion.
There is a stone staircase leading up here.
You feel very sick. The orc hits you with a +0 hand axe.
The orc wizard hits you with a +0 dagger of venom.
You climb upwards.
Level annotation: 1 transporter, RazingBull's ghost, amateur MiFi You feel very sick.
The adder closely misses you. x2
There is a stone staircase leading down here.
Okay, then.
Casting: Sandblast (safe; 2% risk of failure)
Confirm with . or Enter, or press ? or * to list all spells.
Okay, then.
Casting: Sandblast (safe; 2% risk of failure)
Confirm with . or Enter, or press ? or * to list all spells.
The spell is quite dangerous to miscast (14% risk of failure)!
Continue anyway?
Aiming: Stone Arrow (quite dangerous; 14% risk of failure)
Press: ? - help, Shift-Dir - straight line, f - orc wizard
Aim: an orc wizard, wielding a +0 dagger of venom and wearing a +0 robe (60% to hit)
The stone arrow hits the orc wizard!
You kill the orc wizard!
You feel sick. The adder barely misses you.
The orc hits you with a +0 hand axe.
* * * LOW HITPOINT WARNING * * *
The adder bites you.
* * * LOW HITPOINT WARNING * * *
You are more poisoned.
The adder poisons you!
Your Conjurations skill increases to level 2!
Unknown command.
It was a potion of brilliance.
You feel clever all of a sudden.
* * * LOW HITPOINT WARNING * * *
You feel very sick. The adder bites you.
You die...

...#..#........ #.##.. ,
, * ##.##.#* .# #.#####
#..##.# .#
#....$###..##.####.#
S.#####...#..........##
,......[................
.######...†#........#*
#####.S.##........#
#......)@..........# * ,
,#.......o.....#†...#
#...........#.....##
#.............#).## ,*
#...........#....# ,
########......#.## , ,
####.#...# * ,, #...#..*
* * #.#..... ,


You could see an adder and an orc.

Vanquished Creatures
  An orc wizard (D:3)
  An adder (D:3)
  2 dart slugs (D:1)
  2 orcs (D:3)
  A ball python (D:1)
  2 bats
  3 endoplasms
  3 goblins
  3 hobgoblins
  4 jackals (D:2)
  A quokka (D:3)
  A kobold (D:3)
  A rat (D:3)
25 creatures vanquished.

Vanquished Creatures (others)
  5 plants (D:2)
5 creatures vanquished.

Grand Total: 30 creatures vanquished

Notes
Turn   | Place    | Note
-------+----------+-------------------------------------------
     0 | D:1      | Illumine the Meteoran Earth Elementalist began the quest
                  | for the Orb.
     0 | D:1      | Reached XP level 1. HP: 14/14 MP: 5/5
    58 | D:1      | Reached XP level 2. HP: 16/20 MP: 0/7
   122 | D:1      | Reached skill level 4 in Earth Magic
   217 | D:2      | Reached XP level 3. HP: 26/26 MP: 6/8
   221 | D:2      | Learned a level 3 spell: Stone Arrow
   266 | D:3      | Noticed a gnoll sergeant
   271 | D:3      | Noticed RazingBull's ghost (amateur MiFi)
   274 | D:3      | Found a transporter.
   327 | D:3      | Reached skill level 1 in Conjurations
   406 | D:3      | Reached XP level 4. HP: 26/33 MP: 7/10
   432 | D:4      | Noticed a phantom
   436 | D:3      | Slain by an adder

Illustrated notes

Levels and vault maps discovered:
D:1:      dpeg_arrival_shelter, layout_loops_ring
D:2:      wad_woods_pond, layout_basic, minmay_cupped
D:3:      layout_basic, gammafunk_ghost_arena, minmay_misc_feat_pillars
D:4:      layout_loops_corners, amcnicky_altar_gilded, serial_shops, shop

Skill      XL: |  1  2  3  4 |
---------------+-------------+-----
Spellcasting   | 3 |  3.8
Earth Magic    | 4 |  4.5
Conjurations   | 1 2 |  2.2
Dodging        | |  2.4
Stealth        | |  1.4
Transmutations | |  1.2

Action                     |  1- 3 |  4- 6 || total
---------------------------+-------+-------++-------
   Cast: Sandblast         |    34 |     3 ||    37
         Stone Arrow       |       |     1 ||     1
    Use: Potion            |       |     1 ||     1
 Armour: Robe              |     4 |     1 ||     5
  Dodge: Dodged            |     1 |     8 ||     9

Table legend: (Time is in decaauts)
 A = Elapsed time spent in this place.
 B = Non-inter-level travel time spent in this place.
 C = Inter-level travel time spent in this place.
 D = Time resting spent in this place.
 E = Time spent auto-exploring this place.
 F = Levels seen in this place.
 G = Mean time per level.
                   A        B        C        D        E       F      G
               +--------+--------+--------+--------+--------+-----+--------+
         Total |    453 |    447 |      6 |     60 |    111 |   4 |  113.2 |
       Dungeon |    453 |    447 |      6 |     60 |    111 |   4 |  113.2 |
               +--------+--------+--------+--------+--------+-----+--------+

Top non-repeatable levels by time:
     D:1: 200 daAuts
     D:3: 177 daAuts
     D:2: 74 daAuts
     D:4: 1 daAuts
